 Dungeon Crawl Stone Soup version 0.22-a0-282-gdd34a7d (webtiles) character file.

44 Amnesiac the Conjurer (level 3, 0/19 HPs)
             Began as a Tengu Wizard on Mar 17, 2018.
             Slain by a hound (5 damage)
             ... on level 3 of the Dungeon.
             The game lasted 00:01:53 (1248 turns).

Amnesiac the Conjurer (Tengu Wizard)                Turns: 1248, Time: 00:01:53

Health: 0/19       AC:  2    Str:  7    XL:     3   Next: 60%
Magic:  3/8        EV: 12    Int: 19    God:
Gold:   33         SH:  0    Dex: 12    Spells: 2/8 levels left

rFire    . . .     SeeInvis .   c - +1 short sword
rCold    . . .     Gourm    .   (no shield)
rNeg     . . .     Faith    .   a - +0 robe
rPois    .         Spirit   .   b - +0 hat
rElec    .         Reflect  .   n - -2 cloak (curse)
rCorr    .         Harm     .   g - +0 pair of gloves
MR       .....                  (boots unavailable)
Stlth    ++........             (no amulet)
HPRegen  0.06/turn              (no ring)
MPRegen  0.11/turn              (no ring)

@: no status effects
A: beak, talons 3
a: no special abilities


You were on level 3 of the Dungeon.
You were not hungry.

You visited 1 branch of the dungeon, and saw 3 of its levels.

You collected 33 gold pieces.

Inventory:

Hand Weapons
 c - a +1 short sword (weapon)
Armour
 a - a +0 robe (worn)
 b - a +0 hat (worn)
 g - a +0 pair of gloves (worn)
 n - a cursed -2 cloak (worn)
Wands
 l - a wand of polymorph (12)
Scrolls
 i - a scroll of fog {!r, unknown}
 j - a scroll of teleportation {!r, unknown}
 m - a scroll of blinking {!r}
 o - a scroll of enchant armour {!r}
Potions
 f - a potion of heal wounds {!q}
 k - a potion of mutation {!q}
Comestibles
 d - 2 rations


   Skills:
 - Level 2.1 Dodging
 - Level 2.0 Stealth
 - Level 3.0 Spellcasting
 + Level 4.5 Conjurations
 - Level 1.2 Summonings
   Level 0.7 Translocations


You had 2 spell levels left.
You knew the following spells:

 Your Spells              Type           Power        Failure   Level  Hunger
a - Magic Dart            Conj           ###.         2%          1    None
b - Call Imp              Summ           #.......     14%         2    ##.....
e - Mephitic Cloud        Conj/Pois/Air  #.......     24%         3    ###....


Dungeon Overview and Level Annotations

Branches:
Dungeon (3/15)

Altars:


Innate Abilities, Weirdness & Mutations

You have a beak for a mouth.
You have claws for feet.


Message History

A hobgoblin comes into view. It is wielding a club.
You see here a frilled lizard corpse.
The hobgoblin shouts!
You hit the hound.
The hound is lightly wounded.
The hound misses you. The kobold hits you but does no damage.
The hound closely misses you.
An adder comes into view.
The hound bites you.
Found an escape hatch in the floor.
The hound closely misses you. The hound closely misses you.
Found a scroll labeled PAONET DUBRE.
A rat comes into view.
The adder hisses angrily.
A giant cockroach comes into view.
The hound bites you.
* * * LOW HITPOINT WARNING * * *
There is an escape hatch in the floor here.
The hound misses you.
You slide downwards.
The hatch slams shut behind you.
An adder comes into view.
Found a scale mail, a scroll labeled PAONET DUBRE and a ration.
Casting: Magic Dart (safe; 2% risk of failure)
Confirm with . or Enter, or press ? or * to list all spells.
Aiming: Mephitic Cloud (safe; 24% risk of failure)
Press: ? - help, Shift-Dir - straight line, f - adder
Aim: an adder (resting)
The ball explodes into a vile cloud!
The stinking cloud engulfs the adder.
The adder hisses angrily.
You hear a shout! x4; You hear an angry hiss.
The hound completely misses you.
The adder is engulfed in noxious fumes.
The adder appears confused.
The hound misses you.
A frilled lizard comes into view.
Casting: Mephitic Cloud (safe; 24% risk of failure)
Confirm with . or Enter, or press ? or * to list all spells.
Aiming: Mephitic Cloud (safe; 24% risk of failure)
Press: ? - help, Shift-Dir - straight line, f - hound, p - adder
Aim: a hound That beam is likely to hit you.
Continue anyway?
The ball explodes into a vile cloud!
The stinking cloud engulfs the hound.
The stinking cloud engulfs you!
The adder is engulfed in noxious fumes.
The adder appears confused.
The hound is engulfed in noxious fumes.
The hound appears confused.
You hit the hound but do no damage. You peck the hound, but do no damage.
The hound bites you.
* * * LOW HITPOINT WARNING * * *
You barely miss the hound. The frilled lizard bites you.
* * * LOW HITPOINT WARNING * * *
An orc wizard comes into view. It is wielding a dagger.
You hit the frilled lizard.
You kill the frilled lizard!
You open the door.
There is an open door here.
You close the door.
An orc wizard opens the door.
You close the door.
An orc wizard opens the door.
You close the door.
An orc wizard opens the door.
Really read
h - a scroll labeled EWEXKE EHEOH {!r}?
As you read the scroll labeled EWEXKE EHEOH {!r}, it crumbles to dust.
It is a scroll of enchant weapon.
Your +0 short sword glows red for a moment.
The hound pauses to sniff the ground.
The hound bites you.
You die...

#........
#.......
#.......
#....... #.%...#
#.....#
#.....##########
#.....oh@.......
#.....##########
#.......#######
#......o.......
####..?.[......
#####.......
....... .#S....
.#.###.


You could see a hound and an orc wizard.

Vanquished Creatures
  An ooze (D:1)
  A dart slug (D:1)
  2 leopard geckos
  A giant cockroach (D:1)
  3 goblins (D:1)
  6 hobgoblins (D:1)
  4 jackals (D:1)
  A quokka (D:2)
  2 bats
  7 frilled lizards
  3 kobolds (D:1)
  2 rats
33 creatures vanquished.

Notes
Turn   | Place    | Note
-------+----------+-------------------------------------------
     0 | D:1      | Amnesiac the Tengu Wizard began the quest for the Orb.
     0 | D:1      | Reached XP level 1. HP: 10/10 MP: 5/5
   123 | D:1      | Reached skill level 2 in Conjurations
   183 | D:1      | Reached XP level 2. HP: 2/15 MP: 0/7
   381 | D:1      | Learned a level 2 spell: Call Imp
   394 | D:1      | Reached skill level 3 in Conjurations
   759 | D:1      | Reached skill level 4 in Conjurations
   759 | D:1      | Reached XP level 3. HP: 11/19 MP: 8/8
   959 | D:1      | Learned a level 3 spell: Mephitic Cloud
  1248 | D:3      | Slain by a hound

Vault maps used:
D:1:      saegor_arrival_simple_e, st_stairs_14, minmay_misc_feat_tiny
D:2:      lemuel_round_altar
D:3:      grunt_temple_overflow_open, first_ration, kennysheep_generic_room_14

Skill      XL: |  1  2 |
---------------+-------+-----
Conjurations   | 2 4 |  4.5
Dodging        | |  2.1
Stealth        | |  2.0
Spellcasting   | |  3.0
Summonings     | |  1.2
Translocations | |  0.7

Action                   || total
-------------------------++-------
Melee: Short sword       ||    32
       Kick              ||     7
       Peck              ||     3
 Cast: Magic Dart        ||    49
       Mephitic Cloud    ||     2
  Use: Scroll            ||     5
 Stab: Sleeping          ||     1
  Eat: Chunk             ||     1
Armor: Robe              ||     4
Dodge: Dodged            ||    33

Table legend:
 A = Spawn XP
 B = Non-spawn XP
 C = Spawn XP percentage of total XP
 D = Spawn monster count
 E = Non-spawn monster count
 F = Spawn count percentage of total count
 G = Total turns spent on level
                    A         B        C        D         E        F      G
               +---------+---------+-------+---------+---------+-------+---------
         Total |       0 |      63 |   0.0 |       0 |      33 |   0.0 |  1248
               +---------+---------+-------+---------+---------+-------+---------
           D:1 |       0 |      52 |   0.0 |       0 |      26 |   0.0 |  1108
           D:2 |       0 |      10 |   0.0 |       0 |       6 |   0.0 |   123
           D:3 |       0 |       1 |   0.0 |       0 |       1 |   0.0 |    17
               +---------+---------+-------+---------+---------+-------+---------
